 Dungeon Crawl Stone Soup version 0.17-a0-1311-gbcbd859 (webtiles) character file.

35 InterDimensionalOwl the Shield-Bearer (level 3, -3/29 HPs)
             Began as a Formicid Fighter on June 8, 2015.
             Slain by Sigmund
             ... wielding a +3 scythe of venom
              (7 damage)
             ... on level 2 of the Dungeon.
             The game lasted 00:05:40 (794 turns).

InterDimensionalOwl the Shield-Bearer (FoFi)         Turns: 794, Time: 00:05:41

Health: -3/29      AC:  6    Str: 20    XL:     3   Next: 52%
Magic:  3/3        EV:  3    Int:  7    God:
Gold:   85         SH:  9    Dex: 11    Spells: 0 memorised, 2 levels left

rFire  . . .     SeeInvis +     a - +1 war axe
rCold  . . .     Clarity  .     b - +0 scale mail
rNeg   . . .     SustAt   .     c - +0 shield
rPois  .         Gourm    .     (helmet unavailable)
rElec  .         Spirit   .     (no cloak)
rCorr  .         Warding  .     (no gloves)
rMut   .         Stasis   +     (no boots)
MR     .....                    (no amulet)
Stlth  ..........               (no ring)
                                (no ring)

@: not resistant to hostile enchantments, extremely unstealthy
A: permanent stasis, dig shafts and tunnels, four strong arms, antennae 3
a: Dig, Shaft Self


You were on level 2 of the Dungeon.
You were not hungry.

You visited 1 branch of the dungeon, and saw 2 of its levels.

You collected 85 gold pieces.

Inventory:

Hand weapons
 a - a +1 war axe (weapon)
Missiles
 j - 68 stones (quivered)
 m - 3 curare-tipped needles
 q - 4 needles of slowing
Armour
 b - a +0 scale mail (worn)
 c - a +0 shield (worn)
Potions
 d - a potion of might
 h - a potion of mutation {unknown}
 i - a potion of brilliance {unknown}
 l - a potion of flight {unknown}
 p - a potion of agility {unknown}
Comestibles
 e - a bread ration
 n - a slice of pizza


   Skills:
 - Level 3.2 Fighting
 + Level 2.8 Axes
 - Level 3.2 Armour
 - Level 4.5 Shields


You had 2 spell levels left.
You didn't know any spells.

Dungeon Overview and Level Annotations

Branches:
Dungeon (2/15)

Altars:

Annotations:
D:2 Sigmund


Innate Abilities, Weirdness & Mutations

You are under a permanent stasis effect.
You can dig through walls and to a lower floor.
Your four strong arms can wield two-handed weapons with a shield.
You have a pair of large antennae on your head (SInv).


Message History

You block the bat's attack. The bat hits you but does no damage.
The bat hits you but does no damage. You block the hobgoblin's attack.
You block the bat's attack.
There is a stone staircase leading up here.
You slash the hobgoblin!
You kill the hobgoblin!
You closely miss the bat.
Your scale mail prevents you from hitting the bat.
The bat hits you but does no damage. You block the bat's attack.
You block the bat's attack.
You barely miss the bat. The bat barely misses you.
The bat hits you but does no damage. You block the bat's attack.
Sigmund zaps a wand.
The puff of flame hits you!
You closely miss the bat. You block the bat's attack.
You block the bat's attack. The bat hits you but does no damage.
You block the bat's attack.
Sigmund zaps a wand.
The puff of flame hits you!
* * * LOW HITPOINT WARNING * * *
The bat hits you but does no damage. x2
Sigmund hits you from afar with a scythe of venom!
You die...

#########
##........ #.#
#@†.....#
.....#b......#
......@b...%.#
.......>.....#
#.###........#
. #........#
#........#
#.###.#### #.
..


You could see Sigmund and 2 bats.

Vanquished Creatures
  An ooze (D:2)
  2 giant cockroaches
  6 goblins (D:1)
  3 hobgoblins
  5 bats (D:1)
  A giant gecko (D:2)
  A giant newt (D:1)
  2 kobolds (D:1)
  10 rats (D:1)
31 creatures vanquished.

Notes
Turn   | Place    | Note
--------------------------------------------------------------
     0 | D:1      | InterDimensionalOwl the Formicid Fighter began the quest for the Orb.
     0 | D:1      | Reached XP level 1. HP: 18/18 MP: 1/1
   249 | D:1      | Reached XP level 2. HP: 20/24 MP: 2/2
   274 | D:1      | Reached skill level 4 in Shields
   444 | D:1      | Reached XP level 3. HP: 19/29 MP: 3/3
   787 | D:2      | Noticed Sigmund
   794 | D:2      | Slain by Sigmund

Vault maps used:
D:1:      sevenhm_arrival_forest_fort_large_1
D:2:      lemuel_crystal_altar, grunt_temple_overflow_forces_of_nature,
          uniq_natasha, uniq_sigmund, uniq_jessica, uniq_terence

Action                   || total
-------------------------++-------
Melee: War axe           ||    91
  Use: Scroll            ||     4
